 Dungeon Crawl Stone Soup version 0.31.0-11-ge490571c62 (webtiles) character file.

Game seed: 16535531272183461660

497 Agent47 the Shooter (level 7, -2/52 HPs)
             Began as a Human Hunter on Jan 27, 2024.
             Slain by an orc
             ... wielding a +0 hand axe
              (5 damage)
             ... on level 5 of the Dungeon.
             The game lasted 00:07:06 (1133 turns).

Agent47 the Shooter (Human Hunter)                  Turns: 1133, Time: 00:07:06

Health: -2/52      AC:  3    Str:  8    XL:     7   Next: 16%
Magic:  8/8        EV: 12    Int: 11    God:
Gold:   33         SH:  0    Dex: 17    Spells: 8/8 levels left

rFire   . . .        d - +0 war axe (freeze)
rCold   . . .        (no shield)
rNeg    . . .        c - +0 leather armour
rPois   +            g - +0 hat of Prudence {rPois Will+++ Str-3}
rElec   .            (no cloak)
rCorr   .            (no gloves)
SInv    .            (no boots)
Will    +++..        (no amulet)
Stlth   ++           (no ring)
HPRegen 0.28/turn    (no ring)
MPRegen 0.11/turn

%: no passive effects
@: brilliant
A: explore regen
a: no special abilities


You were on level 5 of the Dungeon.
You visited 1 branch of the dungeon, and saw 6 of its levels.

You collected 61 gold pieces.
You spent 28 gold pieces at shops.

Inventory:

Hand Weapons
 a - a +0 shortbow
 d - a +0 war axe of freezing (weapon)
Armour
 c - a +0 leather armour (worn)
 g - the +0 hat of Prudence (worn) {rPois Will+++ Str-3}
   (You found it on level 3 of the Dungeon)

   Str-3:     It affects your strength (-3).
   rPois:     It protects you from poison Will+++: It greatly increases your
   willpower.
Scrolls
 b - a scroll of teleportation {unknown}
 i - a scroll of enchant armour


   Skills:
 * Level 3.0 Fighting
 * Level 6.4 Ranged Weapons
 * Level 2.2 Armour
 * Level 2.8 Dodging
 * Level 2.3 Stealth
 * Level 1.1 Spellcasting
 * Level 1.5 Evocations


You had 8 spell levels left.
You didn't know any spells.
Your spell library contained the following spells:

 Spells                   Type           Power      Damage    Failure   Level
 Summon Ice Beast         Ice/Summ       0%         N/A       80%         3
 Summon Mana Viper        Hex/Summ       0%         N/A       100%        5
 Monstrous Menagerie      Summ           0%         N/A       100%        7


Dungeon Overview and Level Annotations

Branches:
Dungeon (6/15)
 Temple: D:4-7

Altars:

Shops:
D:4 :   D:5 ?


Innate Abilities, Weirdness & Mutations

You regain HP and MP as you explore.


Message History

Something hits you but does no damage.
It was a potion of invisibility.
You fade into invisibility!
Something hits you.
* * * LOW HITPOINT WARNING * * *
You hit something. You freeze something. Something barely misses you.
You miss something. Something hits you.
* * * LOW HITPOINT WARNING * * *
Something hits you.
* * * LOW HITPOINT WARNING * * *
You miss something.
You see here an orc corpse.
A magic dart appears from out of thin air!
You see here an iguana corpse.
You flicker for a moment.
You see here 2 poisoned darts.
You hear some strange, mumbled words.
A puff of flame appears from out of thin air!
There is a stone staircase leading up, spattered with blood here.
You flicker back into view.
A magic dart appears from out of thin air!
The magic dart hits you!
* * * LOW HITPOINT WARNING * * *
You climb upwards.
Reactivating autopickup.
There is a stone staircase leading down here.
You barely miss the orc wizard. You closely miss the orc.
You hit the orc wizard but do no damage.
The orc wizard hits you with a +0 dagger.
* * * LOW HITPOINT WARNING * * *
The orc misses you.
The orc wizard gestures at you while chanting.
You resist with almost no effort. The orc closely misses you.
You barely miss the orc.
You hit the orc wizard but do no damage.
The orc wizard hits you with a +0 dagger.
* * * LOW HITPOINT WARNING * * *
The orc hits you with a +0 hand axe.
You die...

# #.# #.# # #.# ##.## #
#.# ##...## #### #.####
##.###.## ## ##..
......####.##
##.###...#
##.###.###.#....#
#.....#
##...........##.##
##.##....#
##.###..........o###.##
#.##
...>...###.....>@o..[#
# .#.### #
#.#.#######.# .....#.#
#.#.# #.#
.###.#.###.#.# #.# .#
#.........# #$#
.###.#######.# ##{#
.....# #.# #..# ##.###
#.# #.## #.#########.#
#<


You could see an orc wizard and an orc.

Vanquished Creatures
  A centaur (D:5)
  A phantom (D:5)
  A bullfrog (D:6)
  2 hounds
  A jelly (D:4)
  Jessica (D:3)
  3 iguanas
  An orc wizard (D:5)
  An adder (D:2)
  A white imp (D:5)
  A dart slug (D:2)
  7 orcs
  A bat (D:1)
  2 endoplasms (D:2)
  A giant cockroach (D:4)
  4 hobgoblins
  4 quokkas
  5 ball pythons
  2 frilled lizards (D:3)
  4 goblins
  4 kobolds
  A rat (D:3)
49 creatures vanquished.

Notes
Turn   | Place    | Note
-------+----------+-------------------------------------------
     0 | D:1      | Agent47 the Human Hunter began the quest for the Orb.
     0 | D:1      | Reached XP level 1. HP: 16/16 MP: 1/1
    89 | D:1      | Reached XP level 2. HP: 22/22 MP: 2/2
   215 | D:2      | Reached XP level 3. HP: 14/27 MP: 3/3
   272 | D:3      | Identified the +0 hat of Prudence {rPois Will+++ Str-3}
   374 | D:3      | Noticed Jessica
   391 | D:3      | Killed Jessica
   392 | D:3      | Reached skill level 5 in Ranged Weapons
   392 | D:3      | Reached XP level 4. HP: 23/33 MP: 4/4
   434 | D:4      | Reached skill level 1 in Armour
   559 | D:4      | Found Bafrisy's Book Emporium.
   622 | D:4      | You fall into a shaft and drop 2 floors!
   626 | D:6      | Noticed a bullfrog
   635 | D:6      | Killed a bullfrog
   636 | D:6      | Reached XP level 5. HP: 31/39 MP: 5/5
   637 | D:6      | Reached skill level 1 in Evocations
   647 | D:5      | Entered Level 5 of the Dungeon
   663 | D:5      | Found Bedien's Magic Scroll Shop.
   669 | D:5      | Noticed a phantom
   672 | D:5      | Bought a scroll of identify for 28 gold pieces
   688 | D:5      | Killed a phantom
   689 | D:5      | Reached XP level 6. HP: 33/46 MP: 5/7
   789 | D:5      | Reached skill level 6 in Ranged Weapons
   789 | D:5      | Reached skill level 1 in Spellcasting
   972 | D:5      | Reached XP level 7. HP: 44/51 MP: 8/8
  1105 | D:6      | HP: 2/52 [something (2)]
  1133 | D:5      | Slain by an orc

Illustrated notes

Levels and vault maps discovered:
D:1:      dpeg_arrival_another_circle, layout_basic
D:2:      layout_basic, uniq_crazy_yiuf_cottage
D:3:      layout_basic, chequers_ecumenical_altar_simple_redux,
          hangedman_decor_push, uniq_jessica
D:4:      layout_layer_cave, minmay_temple_entry_overgrown, serial_shops,
          nicolae_shop_real_fake_doors, shop, shop,
          nicolae_shop_pleasant_corner_grove, nicolae_shop_overgrown_old_shop,
          uniq_sigmund
D:5:      layout_loops_ring, serial_shops, shop
D:6:      layout_rooms, mainiacjoe_overflow_swirl, uniq_blork_the_orc

Skill      XL: |  1  2  3  4  5  6  7 |
---------------+----------------------+-----
Ranged Weapons | 5 6 |  6.4
Armour         | 1 2 |  2.2
Evocations     | 1 |  1.5
Stealth        | 2 |  2.3
Spellcasting   | 1 |  1.1
Fighting       | 3 |  3.0
Dodging        | |  2.8

Action                     |  1- 3 |  4- 6 |  7- 9 || total
---------------------------+-------+-------+-------++-------
  Melee: War axe           |       |       |     8 ||     8
   Fire: Shortbow          |    52 |    86 |    36 ||   174
  Evoke: Wand              |       |     4 |       ||     4
    Use: Scroll            |     2 |     1 |     1 ||     4
         Potion            |       |       |     4 ||     4
 Armour: Leather armour    |    17 |    46 |    29 ||    92
  Dodge: Dodged            |    13 |    63 |    23 ||    99
